 Dungeon Crawl Stone Soup version 0.31-a0-844-gdc52ec4e09 (webtiles) character file.

Game seed: 8679201479782703901

4 Bravepunisher the Ducker (level 1, -11/11 HPs)
             Began as a Spriggan Monk on Sept 29, 2023.
             Killed from afar by a white imp (12 damage)
             ... with a puff of frost
             ... on level 5 of the Dungeon.
             The game lasted 00:02:23 (489 turns).

Bravepunisher the Ducker (Spriggan Monk)             Turns: 489, Time: 00:02:23

Health: -11/11     AC:  2    Str:  7    XL:     1   Next: 50%
Magic:  2/2        EV: 18    Int: 11    God:
Gold:   0          SH:  0    Dex: 17    Spells: 0/0 levels left

rFire   . . .        a - +0 short sword
rCold   . . .        (no shield)
rNeg    . . .        b - +0 robe
rPois   .            (helmet restricted)
rElec   .            (no cloak)
rCorr   .            (gloves unavailable)
SInv    +            (boots unavailable)
Will    .....        (no amulet)
Stlth   ++           (no ring)
HPRegen 0.21/turn    (no ring)
MPRegen 0.08/turn

%: no passive effects
@: very quick
A: very small, no large weapons, unfitting armour, see invisible, speed 3
a: no special abilities


You were on level 5 of the Dungeon.
You visited 1 branch of the dungeon, and saw 5 of its levels.

Inventory:

Hand Weapons
 a - a +0 short sword (weapon)
Armour
 b - a +0 robe (worn)
Wands
 c - a wand of roots (9)
Scrolls
 e - a scroll of immolation {unknown}


   Skills:
 * Level 2.6 Fighting
 - Level 3.2 Short Blades
 + Level 4.1 Dodging


You couldn't memorise any spells.
You didn't know any spells.
Your spell library was empty.

Dungeon Overview and Level Annotations

Branches:
Dungeon (5/15)
 Temple: D:4-7

Altars:
Xom


Innate Abilities, Weirdness & Mutations

You are very small and have problems with some larger weapons.
You are too small for most types of armour.
You have supernaturally acute eyesight. (SInv)
You cover ground extremely quickly. (Speed+++)


Message History

As you read the scroll labelled GINOC FEKEAMP, it crumbles to dust.
You feel strangely unstable.
It was a scroll of teleportation.
The orc wizard mumbles some strange words.
The orc wizard flickers and vanishes for a moment.
Your surroundings suddenly seem different.
Found an escape hatch in the floor.
There is an escape hatch in the floor here.
You slide downwards.
The hatch slams shut behind you.
HP restored.
c - a wand of roots (9) As you open the door, it creaks loudly!
You hear a shout! x3
An orc wizard comes into view. It is wielding a +0 dagger.
The orc wizard shouts!
An orc wizard comes into view. It is wielding a +2 dagger of draining.
There is an open door here.
Found a ring mail.
An iguana comes into view.
A hound and an orc come into view.
Found a stone staircase leading down.
Found a scroll labelled QOJIYLI HUVE.
The hound barks!
The orc shouts!
The hound bites you. The hound attacks as it pursues you! The hound misses you.
The orc barely misses you. The hound attacks as it pursues you!
The hound barely misses you. The hound attacks as it pursues you!
The hound barely misses you.
Found a shimmering altar of Xom.
The hound attacks as it pursues you! The hound bites you.
A white imp comes into view.
Found a club.
Found 25 gold pieces.
The white imp shouts!
The white imp gestures at you. The puff of frost hits you!
Ouch! That really hurt!
* * * LOW HITPOINT WARNING * * *
The white imp gestures at you. The puff of frost hits you!
Ouch! That really hurt!
You die...

.# #. #.# $.#
..#...#
..#...#
###.....5#
........# ..
#.......# ...
#@...# .... ..
#..).# #.. ..
#.#.$..... .
#h#####.# ...
#...h...# ...
#####.#...##.#
#.#.####.#
#.#.####.#
#.#.#...##.#


You could see a hound and a white imp.

Vanquished Creatures
  2 ball pythons (D:1)
  A goblin (D:1)
3 creatures vanquished.

Notes
Turn   | Place    | Note
-------+----------+-------------------------------------------
     0 | D:1      | Bravepunisher the Spriggan Monk began the quest for the
                  | Orb.
     0 | D:1      | Reached XP level 1. HP: 11/11 MP: 2/2
   359 | D:4      | Noticed an iguana
   390 | D:4      | Noticed an orc wizard
   400 | D:5      | Entered Level 5 of the Dungeon
   434 | D:5      | Noticed an orc wizard
   434 | D:5      | Noticed an orc wizard
   446 | D:5      | Noticed an iguana
   453 | D:5      | Noticed a hound
   469 | D:5      | Found a shimmering altar of Xom.
   489 | D:5      | Killed from afar by a white imp

Illustrated notes

Levels and vault maps discovered:
D:1:      mrwooster_arrival_statue_3, layout_loops_corners
D:2:      layout_basic, nrook_mini_vaults, serial_bayou_lagoon_a
D:3:      layout_rooms, lemuel_zombie_altar_kikubaaqudgha, gup_sewer_entry_bowl,
          ebering_ghost_rock_garden, hex_tiny, chequers_serial_rivers_small_b,
          kennysheep_generic_room_14, uniq_sigmund
D:4:      layout_basic, temple_fountains
D:5:      layout_basic, xom_butterflies, nicolae_ashenzari_skybound,
          gammafunk_ghost_stat_death, st_stairs_1

Action                     || total
---------------------------++-------
  Melee: Short sword       ||    23
    Use: Scroll            ||     1
         Potion            ||     1
 Armour: Robe              ||    12
  Dodge: Dodged            ||    31

Table legend: (Time is in decaauts)
 A = Elapsed time spent in this place.
 B = Non-inter-level travel time spent in this place.
 C = Inter-level travel time spent in this place.
 D = Time resting spent in this place.
 E = Time spent auto-exploring this place.
 F = Levels seen in this place.
 G = Mean time per level.
                   A        B        C        D        E       F      G
               +--------+--------+--------+--------+--------+-----+--------+
         Total |    318 |    318 |      0 |      0 |     76 |   5 |   63.6 |
       Dungeon |    318 |    318 |      0 |      0 |     76 |   5 |   63.6 |
               +--------+--------+--------+--------+--------+-----+--------+

Top non-repeatable levels by time:
     D:1: 103 daAuts
     D:4: 80 daAuts
     D:2: 69 daAuts
     D:5: 59 daAuts
     D:3: 5 daAuts
